 Dungeon Crawl Stone Soup version 0.27-a0-1177-g245c70e1c0 (webtiles) character file.

Game seed: 8990830852748913755

42 Glokmah the Gusty (level 3, -2/20 HPs)
             Began as a Tengu Air Elementalist on May 16, 2021.
             Slain by Sigmund
             ... wielding a +0 antimagic scythe
              (5 damage)
             ... on level 2 of the Dungeon.
             The game lasted 00:03:17 (1702 turns).

Glokmah the Gusty (Tengu Air Elementalist)          Turns: 1702, Time: 00:03:18

Health: -2/20      AC:  2    Str:  8    XL:     3   Next: 54%
Magic:  1/7        EV: 12    Int: 16    God:
Gold:   93         SH:  0    Dex: 14    Spells: 3/6 levels left

rFire    . . .     SeeInvis .   b - +0 short sword
rCold    . . .     Faith    .   (no shield)
rNeg     . . .     Spirit   .   a - +0 robe
rPois    .         Reflect  .   (helmet restricted)
rElec    .         Harm     .   (no cloak)
rCorr    .         Rampage  .   (no gloves)
Will     .....                  (boots unavailable)
Stlth    +.........             (no amulet)
HPRegen  0.06/turn              (no ring)
MPRegen  0.10/turn              (no ring)

@: confused
A: beak, talons 3
a: no special abilities


You were on level 2 of the Dungeon.
You visited 1 branch of the dungeon, and saw 2 of its levels.

You collected 93 gold pieces.

Inventory:

Hand Weapons
 b - a +0 short sword (weapon)
Missiles
 c - 31 poisoned darts (quivered)
Armour
 a - a +0 robe (worn)
Scrolls
 d - a scroll of torment {unknown}
 e - a scroll of holy word {unknown}
 f - a scroll of identify {unknown}
 i - a scroll of teleportation {unknown}
Potions
 g - a potion of berserk rage {unknown}
 h - a potion of curing {unknown}
 j - a potion of lignification {unknown}


   Skills:
 + Level 1.1 Fighting
 - Level 2.1 Dodging
 - Level 2.0 Stealth
 + Level 2.3 Spellcasting
 + Level 2.2 Conjurations
 * Level 4.8 Air Magic


You had 3 spell levels left.
You knew the following spells:

 Your Spells              Type           Power      Damage    Failure   Level
a - Shock                 Conj/Air       52%        1d6       4%          1
b - Static Discharge      Conj/Air       13%        N/A       7%          2

Your spell library contained the following spells:

 Spells                   Type           Power      Damage    Failure   Level
 Swiftness                Air            17%        N/A       9%          3
 Airstrike                Air            8%         N/A       26%         4
 Lightning Bolt           Conj/Air       6%         1d18      77%         5


Dungeon Overview and Level Annotations

Branches:
Dungeon (2/15)

Altars:

Annotations:
D:2 Sigmund


Innate Abilities, Weirdness & Mutations

You have a beak for a mouth.
You have claws for feet.


Message History

There is a stone staircase leading down here.
You climb downwards.
Level annotation: Sigmund
There is a stone staircase leading up here.
Throw: 33 darts (poison)
Press: ? - help, Q - select action, (/) - cycle Shift-Dir - straight line, f - Sigmund
Aim: Sigmund, wielding a +0 antimagic scythe and wearing a +0 robe (53% to hit)
You throw a poisoned dart.
The poisoned dart barely misses Sigmund.
Sigmund says, "Your kind have come here before.
I understand now why.
You desire death..."
Sigmund casts a spell at you.
You are confused.
Non-targeted confused throw: 32 darts (poison)
Press: ? - help, Q - select action, (/) - cycle Dir - look around, f - activate You throw a poisoned dart.
Unknown command.
You're too confused to cast spells.
You bump into the rock wall.
Sigmund flickers, as though insubstantial.
You're too confused to move!
You bump into the rock wall.
You feel less confused. Sigmund gestures at you while chanting.
The puff of flame hits you. Sigmund misses you.
You see here a ball python skeleton.
Sigmund gestures at you while chanting.
You are confused.
Sigmund casts a spell at himself.
Sigmund flickers and vanishes!
Deactivating autopickup; reactivate with Ctrl-A.
You're too confused to move!
Something hits you!
Ouch! That really hurt!
* * * LOW HITPOINT WARNING * * *
You feel your power leaking away.
A puff of flame appears from out of thin air!
The puff of flame misses you. Something hits you.
You die...

.#.##.##.# .....####.# .....
...## ###........# .#..# ...
#.....# #...# .#..# #.# #.#.#(#
#...# .#).####(###### #...#.#
#...# .#..>..<......####..##.#
#...#
....###.......##.......######...#
.#### #.......##.................
.### #.......{÷@................
...# #.......##....##.........<.
##.# #.......(..)...÷.#####.....
#.# #........#.......# #....# #.#
########.#.....÷.# #.....
#.###########.##....#.# #....#
#.............##.#..#.#####.....
#.#.#.####.......#..#...........
#.#.#.# #.##....[...........###


There were no monsters in sight!

Vanquished Creatures
  A gnoll (D:1)
  2 dart slugs
  8 ball pythons
  3 goblins (D:2)
  3 hobgoblins
  3 jackals (D:2)
  2 quokkas
  3 bats
  A rat (D:2)
26 creatures vanquished.

Vanquished Creatures (others)
  4 fungi (D:2)
  3 toadstools (D:2)
7 creatures vanquished.

Grand Total: 33 creatures vanquished

Notes
Turn   | Place    | Note
-------+----------+-------------------------------------------
     0 | D:1      | Glokmah the Tengu Air Elementalist began the quest for the
                  | Orb.
     0 | D:1      | Reached XP level 1. HP: 10/10 MP: 4/4
   213 | D:1      | Reached XP level 2. HP: 2/16 MP: 3/6
   409 | D:1      | Learned a level 2 spell: Static Discharge
   970 | D:2      | Noticed Sigmund
  1086 | D:2      | Reached XP level 3. HP: 20/20 MP: 3/7
  1087 | D:2      | Reached skill level 1 in Fighting
  1702 | D:2      | Slain by Sigmund

Illustrated notes

Levels and vault maps discovered:
D:1:      scummos_arrival_simple_crosswalls, layout_rooms, dk_noncrumbling_4,
          chequers_serial_rivers_large_b
D:2:      layout_loops_cross, hellmonk_ecumenical_altar_crossroads,
          minmay_gold_behind_fungi, serial_bayou_pond_d, uniq_sigmund

Skill      XL: |  1  2  3 |
---------------+----------+-----
Conjurations   | 2 |  2.2
Fighting       | 1 |  1.1
Dodging        | |  2.1
Stealth        | |  2.0
Spellcasting   | |  2.3
Air Magic      | |  4.8

Action                   || total
-------------------------++-------
Melee: Short sword       ||     3
       Kick              ||     1
Throw: Dart              ||    11
 Cast: Shock             ||    41
Dodge: Dodged            ||     6

Table legend: (Time is in decaauts)
 A = Elapsed time spent in this place.
 B = Non-inter-level travel time spent in this place.
 C = Inter-level travel time spent in this place.
 D = Time resting spent in this place.
 E = Time spent auto-exploring this place.
 F = Levels seen in this place.
 G = Mean time per level.
                   A        B        C        D        E       F      G
               +--------+--------+--------+--------+--------+-----+--------+
         Total |   1731 |   1665 |     66 |    108 |   1275 |   2 |  865.5 |
       Dungeon |   1731 |   1665 |     66 |    108 |   1275 |   2 |  865.5 |
               +--------+--------+--------+--------+--------+-----+--------+

Top non-repeatable levels by time:
     D:1: 1159 daAuts
     D:2: 572 daAuts
